 Dungeon Crawl Stone Soup version 0.29-a0-275-g389c0b56f3 (webtiles) character file.

Game seed: 15536337302277861232

309 Ajdolov the Vandal (level 6, -5/30 HPs)
             Began as a Spriggan Hunter on Mar 10, 2022.
             Slain by a black bear (6 damage)
             ... on level 4 of the Dungeon.
             The game lasted 00:04:21 (2602 turns).

Ajdolov the Vandal (Spriggan Hunter)                Turns: 2602, Time: 00:04:22

Health: -5/30      AC:  6    Str:  8    XL:     6   Next: 17%
Magic:  7/7        EV: 17    Int: 13    God:
Gold:   173        SH:  0    Dex: 17    Spells: 5/5 levels left

rFire   . . .      SeeInvis +   a - +2 hunting sling
rCold   + . .      Faith    .   (no shield)
rNeg    . . .      Spirit   .   b - +0 robe
rPois   .          Reflect  .   (helmet restricted)
rElec   .          Harm     .   (no cloak)
rCorr   .          Rampage  .   (gloves unavailable)
Will    +....                   (boots unavailable)
Stlth   +++.......              (no amulet)
HPRegen 0.10/turn               k - +4 ring of protection
MPRegen 0.10/turn               q - ring of protection from cold

@: very quick
A: very small, no large weapons, unfitting armour, see invisible, speed 3
a: no special abilities


You were on level 4 of the Dungeon.
You visited 1 branch of the dungeon, and saw 4 of its levels.

You collected 173 gold pieces.

Inventory:

Hand Weapons
 a - a +2 hunting sling (weapon)
 f - a +2 whip of electrocution
Armour
 b - a +0 robe (worn)
Jewellery
 k - a +4 ring of protection (left hand)
 n - a ring of flight
 q - a ring of protection from cold (right hand)
 v - a +4 ring of evasion
Scrolls
 c - 2 scrolls of immolation
 e - a scroll of noise {unknown}
 h - 3 scrolls of identify {unknown}
 i - a scroll of blinking {unknown}
 l - a scroll of amnesia {unknown}
 o - a scroll of teleportation {unknown}
 p - a scroll of silence {unknown}
 s - a scroll of enchant armour {unknown}
 w - a scroll of brand weapon {unknown}
Potions
 d - 2 potions of haste {unknown}
 j - a potion of mutation {unknown}
 m - a potion of attraction {unknown}
 r - 2 potions of heal wounds {unknown}
 t - a potion of invisibility {unknown}
 u - a potion of lignification {unknown}


   Skills:
 - Level 2.2 Fighting
 * Level 7.9 Slings
 - Level 2.6 Dodging
 + Level 4.7 Stealth


You had 5 spell levels left.
You didn't know any spells.
Your spell library contained the following spells:

 Spells                   Type           Power      Damage    Failure   Level
 Sandblast                Erth           0%         2d4       30%         1
 Slow                     Hex            0%         N/A       30%         1
 Passwall                 Tmut/Erth      0%         N/A       43%         2
 Confusing Touch          Hex            0%         N/A       67%         3
 Conjure Flame            Conj/Fire      0%         6-21      67%         3
 Ignite Poison            Fire/Tmut/Pois 0%         N/A       67%         3
 Stone Arrow              Conj/Erth      0%         3d7       67%         3
 Vampiric Draining        Necr           0%         2d6       67%         3
 Sticky Flame             Conj/Fire      0%         2d3       97%         4


Dungeon Overview and Level Annotations

Branches:
Dungeon (4/15)
 Temple: D:4-7

Altars:


Innate Abilities, Weirdness & Mutations

You are very small and have problems with some larger weapons.
You are too small for most types of armour.
You have supernaturally acute eyesight. (SInv)
You cover ground extremely quickly. (Speed+++)


Message History

The black bear claws you. The hound bites you but does no damage.
The black bear barely misses you. The black bear claws you.
The black bear claws you but does no damage.
You shoot a sling bullet.
The sling bullet hits the black bear but does no damage.
The black bear is severely wounded.
The hound bites you. The black bear bites you! The black bear claws you.
The black bear closely misses you. The hound bites you.
The black bear completely misses you. The black bear closely misses you.
The black bear completely misses you.
You are too injured to fight recklessly!
As you read the scroll labelled NAXTUPNOBYNT, it crumbles to dust.
It is a scroll of enchant weapon.
Your +1 hunting sling glows red for a moment.
The hound bites you but does no damage. The black bear bites you.
The black bear claws you.
* * * LOW HITPOINT WARNING * * *
The black bear barely misses you.
Unknown command.
Okay, then.
Fire: a) +2 hunting sling
Press: ? - help, Q - select action Shift-Dir - straight line, f/p - black bear
Aim: a black bear (severely wounded, berserk, 71% to hit)
You shoot a sling bullet.
The sling bullet closely misses the black bear.
The hound barely misses you. The black bear misses you.
The black bear claws you.
* * * LOW HITPOINT WARNING * * *
The black bear claws you but does no damage.
The hound barely misses you. The black bear misses you.
The black bear claws you but does no damage. x2
Fire: a) +2 hunting sling
Press: ? - help, Q - select action Shift-Dir - straight line, f/p - black bear
Aim: a black bear (severely wounded, berserk, 71% to hit)
You shoot a sling bullet.
The sling bullet barely misses the black bear.
The hound misses you. The black bear misses you. The black bear claws you.
* * * LOW HITPOINT WARNING * * *
The black bear claws you.
You die...

.....h####.##
.#####......# .#
#.###.######### .#
#.........h...# .#
#############.# .#
#h# .# #.# .#
###############.# .#
#...........h@h.#
)###.###############
..........#
####...##.# ##
###.##.########## #.
#.#...........#####
#.
###.#...............#
#.
#..[#.#########.###>#
#. #.###.# #.# #.# #.


You could see a black bear (berserk) and a hound.

Vanquished Creatures
  Sigmund (D:4)
  An iguana (D:4)
  Ijyb (D:4)
  4 adders
  2 dart slugs (D:4)
  6 ball pythons
  4 endoplasms
  2 giant cockroaches
  10 goblins
  5 hobgoblins
  A quokka (D:2)
  7 bats
  4 frilled lizards
  5 kobolds
  7 rats
60 creatures vanquished.

Notes
Turn   | Place    | Note
-------+----------+-------------------------------------------
     0 | D:1      | Ajdolov the Spriggan Hunter began the quest for the Orb.
     0 | D:1      | Reached XP level 1. HP: 10/10 MP: 2/2
   108 | D:1      | Reached skill level 5 in Slings
   211 | D:1      | Found a faded altar of an unknown god.
   250 | D:1      | Reached XP level 2. HP: 15/15 MP: 3/3
   964 | D:2      | Reached XP level 3. HP: 18/18 MP: 4/4
  1573 | D:3      | Reached skill level 6 in Slings
  1688 | D:3      | Reached XP level 4. HP: 23/23 MP: 5/5
  2267 | D:4      | Noticed Sigmund
  2292 | D:4      | Killed Sigmund
  2293 | D:4      | Reached skill level 7 in Slings
  2293 | D:4      | Reached XP level 5. HP: 26/26 MP: 6/6
  2293 | D:4      | Reached XP level 6. HP: 30/30 MP: 7/7
  2331 | D:4      | Noticed Ijyb
  2369 | D:4      | Killed Ijyb
  2602 | D:4      | HP: 1/30 [black bear (2)]
  2602 | D:4      | Slain by a black bear

Illustrated notes

Levels and vault maps discovered:
D:1:      minmay_arrival_three_doors, layout_rooms, basic_ecumenical_altar,
          dk_noncrumbling_2
D:2:      layout_basic
D:3:      layout_rooms, minmay_cupped
D:4:      layout_loops_ring, uniq_ijyb, uniq_sigmund

Skill      XL: |  1  2  3  4 |
---------------+-------------+-----
Slings         | 5 6 7 |  7.9
Fighting       | 2 |  2.2
Stealth        | 2 4 |  4.7
Dodging        | |  2.6

Action                   |  1- 3 |  4- 6 || total
-------------------------+-------+-------++-------
Melee: Unarmed           |       |    10 ||    10
 Fire: Hunting sling     |   119 |    75 ||   194
  Use: Scroll            |       |     1 ||     1
Armor: Robe              |     5 |    12 ||    17
       Skin              |       |     2 ||     2
Dodge: Dodged            |    19 |    21 ||    40

Table legend: (Time is in decaauts)
 A = Elapsed time spent in this place.
 B = Non-inter-level travel time spent in this place.
 C = Inter-level travel time spent in this place.
 D = Time resting spent in this place.
 E = Time spent auto-exploring this place.
 F = Levels seen in this place.
 G = Mean time per level.
                   A        B        C        D        E       F      G
               +--------+--------+--------+--------+--------+-----+--------+
         Total |   1837 |   1779 |     58 |    237 |   1077 |   4 |  459.2 |
       Dungeon |   1837 |   1779 |     58 |    237 |   1077 |   4 |  459.2 |
               +--------+--------+--------+--------+--------+-----+--------+

Top non-repeatable levels by time:
     D:2: 664 daAuts
     D:3: 418 daAuts
     D:1: 379 daAuts
     D:4: 374 daAuts
